Map: [ESL] Berlingrad

Players

HeroMarine

  • Race: Terran Terran

Reynor - Winner!

  • Race: Zerg Zerg

Event: IEM Katowice 2022

VOD

Have the link to the VOD?

Description

Time

  • Played on: Feb. 27, 2022, 4:56 a.m.
  • Length: 10:03

All games in this series

Show
View Real Time Build Order
Export as new Build Order

HeroMarine Terran 

Build Orders: Reaper Expand, Hellion Banshee 

Get SALT Encoding   

  12  0:00  SCV  
  13  0:12  SCV  
  14  0:16  Supply Depot  
  14  0:24  SCV  
  15  0:38  SCV  
  15  0:40  Barracks  
  16  0:43  Refinery  
  16  0:50  SCV  
  17  1:02  SCV  
  18  1:14  SCV  
  19  1:27  Reaper, Orbital Command  
  20  1:39  Command Center  
  20  1:48  Supply Depot  
  20  1:52  SCV  
  21  1:58  Marine  
  22  2:04  SCV  
  22  2:07  Factory  
  23  2:16  SCV  
  23  2:19  Barracks Reactor  
  24  2:28  SCV  
  25  2:39  Command Center  
  25  2:41  SCV  
  26  2:51  Orbital Command  
  26  2:53  SCV  
  27  3:01  Hellion x2  
  32  3:05  SCV  
  32  3:09  Starport  
  32  3:13  Refinery  
  32  3:18  SCV x2  
  34  3:22  Hellion  
  34  3:26  Hellion  
  38  3:29  Barracks Tech Lab  
  38  3:30  SCV  
  38  3:31  SCV  
  40  3:42  SCV  
  40  3:43  SCV  
  40  3:44  Hellion  
  40  3:47  Hellion  
  46  3:54  SCV, Orbital Command  
  47  3:56  Banshee  
  47  4:02  SCV  
  51  4:06  SCV  
  56  4:10  Barracks Tech Lab  
  56  4:15  SCV  
  56  4:16  Supply Depot  
  57  4:19  SCV  
  57  4:20  SCV  
  57  4:27  SCV  
  57  4:28  Stimpack, Marine  
  57  4:32  Barracks  
  57  4:33  SCV x2  
  57  4:34  Barracks  
  57  4:35  Factory Reactor  
  59  4:38  Refinery  
  59  4:39  SCV  
  59  4:40  Engineering Bay  
  59  4:41  Engineering Bay  
  59  4:45  SCV  
  61  4:47  SCV  
  61  4:50  Supply Depot, Refinery  
  61  4:52  SCV  
  63  4:55  Starport Reactor  
  63  5:00  SCV  
  63  5:01  SCV, Barracks  
  63  5:02  Barracks  
  63  5:04  SCV, Marine  
  67  5:07  Terran Infantry Weapons Level 1  
  67  5:09  Terran Infantry Armor Level 1  
  67  5:16  Orbital Command  
  67  5:19  Supply Depot  
  67  5:21  Marine x2  
  67  5:22  Marine  
  67  5:23  Siege Tank  
  67  5:26  Supply Depot  
  67  5:27  Marine x2  
  67  5:28  Supply Depot  
  75  5:31  Supply Depot  
  75  5:34  Medivac  
  77  5:41  Medivac  
  79  5:43  Marine x3  
  79  5:44  Supply Depot  
  79  5:47  Marine x2  
  79  5:49  Barracks Reactor x2  
  84  5:55  Marine x2  
  86  5:59  Supply Depot  
  86  6:00  Marine  
  86  6:01  Marine x2, Siege Tank  
  92  6:05  Marine x2  
  92  6:07  Combat Shield  
  92  6:11  Armory  
  94  6:12  Marine  
  94  6:13  Marine  
  96  6:18  Marine x2  
  96  6:19  Medivac  
  96  6:20  Marine  
  96  6:22  Marine  
  96  6:25  Marine, Medivac  
  103  6:30  Marine x2  
  107  6:33  Supply Depot  
  107  6:36  Marine x2  
  107  6:37  Siege Tank  
  107  6:38  Marine  
  113  6:40  Marine  
  113  6:43  Marine  
  115  6:48  Marine x2  
  115  6:50  Medivac  
  115  6:54  Marine x2  
  119  6:55  Marine  
  119  6:58  Supply Depot, Marine  
  119  6:59  Supply Depot  
  119  7:01  Marine  
  124  7:06  Marine x2  
  126  7:12  Marine x2  
  126  7:13  Marine  
  129  7:16  Marine  
  129  7:18  Marine  
  129  7:22  Siege Tank  
  113  7:24  Marine x2  
  113  7:27  Medivac  
  113  7:29  Marine  
  117  7:30  Marine, Medivac  
  117  7:31  Marine  
  117  7:34  Marine  
  117  7:36  Marine  
  115  7:41  Marine  
  115  7:42  Marine  
  115  7:47  Marine x2  
  115  7:49  Marine  
  112  7:51  Marine  
  112  7:54  Marine  
  105  7:59  Marine x2  
  105  8:05  Marine x2  
  91  8:06  Siege Tank  
  91  8:07  Marine  
  91  8:09  Marine  
  91  8:11  Liberator x2  
  91  8:12  Marine  
  103  8:17  Marine x2  
  105  8:23  Marine x2  
  105  8:25  Marine  
  108  8:27  Marine  
  108  8:30  Marine  
  110  8:35  Marine x2  
  110  8:38  Siege Tank  
  110  8:41  Marine x2  
  107  8:42  Marine  
  107  8:45  Marine  
  107  8:47  Marine  
  111  8:53  Marine x2, Liberator  
  111  8:54  Liberator  
  119  8:58  Marine  
  119  8:59  Marine  
  119  9:00  Marine  
  122  9:03  Marine  
  122  9:05  Marine  
  124  9:10  Siege Tank  
  124  9:11  Marine x2  
  124  9:15  Orbital Command  
  124  9:16  Marine x2  
  123  9:18  Marine  
  123  9:21  Marine  
  123  9:23  Marine  
  107  9:28  Marine  
  107  9:29  Marine  
  97  9:34  Marine x2  
  97  9:36  Marine  
  100  9:38  Marine  
  100  9:41  Marine  
Show
View Real Time Build Order
Export as new Build Order

Reynor Zerg - Winner!

Build Orders: Hatch First 

Get SALT Encoding   

  12  0:00  Drone  
  13  0:12  Overlord  
  13  0:16  Drone  
  14  0:30  Drone x2  
  16  0:48  Hatchery  
  15  0:51  Drone  
  15  0:55  Drone  
  17  0:57  Drone  
  18  1:09  Extractor  
  17  1:13  Spawning Pool  
  17  1:16  Drone  
  17  1:19  Drone  
  18  1:27  Drone  
  19  1:38  Drone  
  20  1:48  Overlord  
  20  2:00  Queen x2, Zergling x4  
  26  2:10  Drone x2  
  28  2:21  Drone x2  
  30  2:29  Hatchery  
  29  2:34  Spore Crawler  
  29  2:36  Drone x2  
  30  2:40  Metabolic Boost  
  31  2:45  Drone  
  31  2:49  Overlord  
  32  2:53  Drone x2  
  32  2:57  Queen  
  36  3:07  Drone x2  
  36  3:09  Overlord  
  36  3:10  Drone x2  
  40  3:18  Drone x2  
  41  3:20  Queen  
  43  3:27  Overlord  
  43  3:29  Drone  
  43  3:32  Queen  
  46  3:36  Drone  
  46  3:38  Drone x2  
  46  3:41  Queen  
  49  3:46  Zergling x4  
  49  3:47  Drone x2  
  55  3:51  Overlord  
  55  3:52  Drone  
  56  3:58  Drone  
  56  4:00  Queen  
  59  4:06  Overlord  
  59  4:07  Drone x2  
  59  4:08  Drone x2  
  65  4:17  Drone  
  65  4:20  Lair  
  65  4:21  Overlord  
  65  4:22  Queen  
  66  4:24  Drone, Extractor  
  66  4:26  Drone x2, Baneling Nest  
  66  4:29  Drone x2  
  69  4:32  Spore Crawler, Drone  
  69  4:36  Drone  
  69  4:38  Spore Crawler  
  69  4:39  Drone x2  
  69  4:41  Zergling x4  
  69  4:42  Drone  
  69  4:43  Drone  
  76  4:45  Drone  
  76  4:48  Spore Crawler  
  76  4:51  Drone x3  
  78  4:54  Drone  
  78  4:55  Zergling x2  
  80  5:05  Zergling x2  
  80  5:06  Overlord  
  81  5:12  Overlord  
  81  5:16  Spore Crawler, Drone  
  81  5:17  Overlord  
  81  5:19  Centrifugal Hooks  
  81  5:20  Overseer  
  81  5:21  Hatchery  
  81  5:23  Drone  
  81  5:24  Drone x2, Queen  
  81  5:25  Drone x2  
  81  5:27  Overseer  
  87  5:29  Drone  
  87  5:30  Drone  
  87  5:32  Drone  
  87  5:34  Drone x2  
  92  5:37  Drone x2  
  92  5:40  Drone  
  95  5:44  Drone x3  
  95  5:45  Evolution Chamber x2, Extractor  
  95  5:47  Drone, Extractor x2  
  95  5:49  Zergling x2  
  95  5:51  Drone  
  96  5:57  Zergling x4  
  96  6:02  Overlord  
  98  6:05  Drone  
  98  6:06  Drone x2  
  98  6:07  Overlord  
  98  6:09  Drone  
  102  6:12  Drone  
  102  6:15  Drone x2, Overlord  
  105  6:19  Overlord  
  105  6:21  Drone  
  106  6:28  Zergling x4  
  106  6:31  Zergling x2  
  106  6:32  Zergling x6  
  112  6:33  Queen  
  112  6:34  Zergling x2  
  112  6:35  Queen  
  115  6:41  Zergling x6  
  115  6:42  Baneling  
  115  6:43  Hatchery, Baneling x7  
  115  6:44  Zergling x8  
  121  6:49  Overlord  
  121  6:51  Zerg Ground Armor Level 1, Zerg Melee Weapons Level 1  
  121  6:56  Spore Crawler  
  121  6:57  Zergling x6  
  121  6:59  Drone x3  
  121  7:00  Drone  
  127  7:03  Baneling  
  127  7:04  Baneling x4  
  127  7:05  Overlord  
  127  7:07  Zergling x4  
  128  7:10  Zergling x4  
  128  7:12  Baneling x11  
  128  7:13  Zergling x4  
  128  7:14  Zergling x6  
  133  7:18  Zergling x2  
  133  7:21  Zergling x2  
  122  7:22  Zergling x2  
  122  7:23  Queen, Zergling x4  
  122  7:24  Queen  
  122  7:25  Zergling x2  
  122  7:26  Zergling x6  
  122  7:28  Baneling x11  
  132  7:30  Zergling x4  
  131  7:37  Zergling x6  
  131  7:42  Zergling x4  
  136  7:46  Zergling x2  
  136  7:48  Zergling x2  
  136  7:50  Zergling x2  
  136  7:51  Queen x2  
  135  7:54  Zergling x2  
  125  7:59  Queen, Zergling x8  
  125  8:01  Zergling x2  
  125  8:03  Zergling x2  
  125  8:04  Queen  
  124  8:06  Zergling x2  
  124  8:10  Zergling x4  
  127  8:15  Zergling x2  
  127  8:16  Baneling x16  
  127  8:17  Baneling x2  
  127  8:18  Zergling x2  
  129  8:21  Zergling x6  
  129  8:22  Zergling x6  
  129  8:23  Zergling x4  
  129  8:26  Queen, Zergling x4  
  129  8:27  Queen  
  139  8:30  Zergling x4  
  143  8:34  Hatchery, Zergling x2  
  143  8:38  Zergling x2  
  143  8:39  Zergling x6  
  143  8:40  Zergling x4  
  136  8:43  Baneling x10, Queen  
  136  8:47  Zergling x4  
  140  8:53  Zergling x6  
  140  8:54  Zergling x6  
  146  8:57  Baneling x7  
  146  8:58  Overlord  
  146  9:01  Zergling x4  
  148  9:04  Zergling x2  
  148  9:06  Overlord  
  148  9:09  Zergling x2  
  150  9:12  Overlord  
  150  9:13  Zergling x4  
  146  9:19  Queen  
  146  9:20  Zergling x2  
  146  9:21  Zergling x24  
  147  9:27  Zergling x4  
  137  9:32  Zergling x6  
  137  9:34  Zergling x4  
  137  9:38  Zergling x2  
  137  9:42  Baneling x8  
  137  9:43  Baneling x5  
  141  9:46  Zergling x4  

Tags
 
Add a new tag
Caveats
  • Supply blocks, unpowered buildings, or Contaminate may cause inaccurate times.
  • Supply counts are checked every 10 seconds.